 Dungeon Crawl Stone Soup version 0.30.0-18-gc0e69614cb (webtiles) character file.

Game seed: 481345834462158721

67 KittyFluff the Cudgeller (level 4, -1/43 HPs)
             Began as a Gargoyle Berserker on May 25, 2023.
             Was a Believer of Trog.
             Slain by Robin
             ... wielding a +1 whip of venom
              (3 damage)
             ... on level 2 of the Dungeon.
             The game lasted 00:06:33 (1540 turns).

KittyFluff the Cudgeller (Gargoyle Berserker)       Turns: 1540, Time: 00:06:33

Health: -1/43      AC:  5    Str: 20    XL:     4   Next: 16%
Magic:  4/4        EV: 12    Int:  8    God:    Trog [**....]
Gold:   96         SH:  0    Dex: 11    Spells: 3/3 levels left

rFire   . . .        a - +0 mace
rCold   . . .        (no shield)
rNeg    + . .        b - +0 animal skin
rPois   ∞            (no helmet)
rElec   +            (no cloak)
rCorr   .            (no gloves)
SInv    .            (no boots)
Will    .....        (no amulet) Stlth
                     (no ring)
HPRegen 0.27/turn    (no ring)
MPRegen 0.09/turn

%: no passive effects
@: berserking, very quick
A: sickness immunity, AC +3, negative energy resistance 1, electricity
resistance, torment resistance 1, petrification resistance
a: Renounce Religion, Berserk, Trog's Hand


You were on level 2 of the Dungeon.
You worshipped Trog.
Trog was pleased with you.
You visited 1 branch of the dungeon, and saw 2 of its levels.

You collected 96 gold pieces.

Inventory:

Hand Weapons
 a - a +0 mace (weapon)
Armour
 b - a +0 animal skin (worn)
Jewellery
 j - a ring of fire
Wands
 m - a wand of digging (7)
Scrolls
 d - a scroll of noise {unknown}
 e - 2 scrolls of enchant weapon {unknown}
 f - a scroll of enchant armour {unknown}
 g - 2 scrolls of identify {unknown}
 k - a scroll of vulnerability {unknown}
 l - a scroll of teleportation {unknown}
 n - a scroll of magic mapping {unknown}
Potions
 h - a potion of flight {unknown}
 i - 2 potions of resistance {unknown}


   Skills:
 + Level 3.7 Fighting
 * Level 4.2 Maces & Flails
 * Level 2.7 Armour
 + Level 1.7 Dodging
 + Level 0.3 Stealth


You had 3 spell levels left.
You didn't know any spells.
Your spell library was empty.

Dungeon Overview and Level Annotations

Branches:
Dungeon (2/15)

Altars:

Annotations:
D:2 Robin


Innate Abilities, Weirdness & Mutations

You are immune to sickness and miasma.
Your stone body is resilient. (AC +3)
You are immune to poison.
You resist negative energy. (rN+)
You are resistant to electric shocks. (rElec)
You are resistant to unholy torment.
You are immune to petrification.


Message History

You closely miss the goblin. The goblin misses you.
The goblin barely misses you.
You barely miss the goblin. Robin throws the goblin at you!
A goblin comes into view. It is wielding a +0 club.
The goblin hits you with a +0 dagger. The goblin hits you with a +0 club.
The goblin hits you with a +0 dagger.
You closely miss the goblin. The goblin hits you with a +0 dagger.
* * * LOW HITPOINT WARNING * * *
The goblin barely misses you. The goblin completely misses you.
Robin points. "Kill!"
Robin throws the goblin at you! The goblin hits you but does no damage.
The goblin hits you with a +0 club.
* * * LOW HITPOINT WARNING * * *
The goblin hits you but does no damage. The goblin closely misses you.
It was a potion of berserk rage.
A red film seems to cover your vision as you go berserk!
You feel yourself moving faster!
You feel mighty!
Robin roars a battlecry!
The goblin goes into a battle-frenzy!
The goblin hits you with a +0 dagger.
* * * LOW HITPOINT WARNING * * *
The goblin hits you but does no damage. The goblin closely misses you.
The goblin hits you but does no damage.
You sock the goblin!
You kill the goblin!
Trog accepts your kill.
You miss the goblin. The goblin closely misses you.
The goblin barely misses you. The goblin hits you with a +0 club.
* * * LOW HITPOINT WARNING * * *
You thump the goblin!
You feel the power of Trog in you as your rage grows.
You kill the goblin!
Trog accepts your kill. Robin hits you with a +1 whip of venom.
* * * LOW HITPOINT WARNING * * *
The goblin barely misses you. The goblin closely misses you.
You thump Robin!
Robin is severely wounded.
Robin hits you with a +1 whip of venom.
You die...

########.......# #.#..##.
................ .# #.##.##.
.........#####.## .# #.##.
.#####..........# .# ##.##. .#
#.#######..# .# #..... .# #.#
#..###.## #..##. .# #.#
#..##...#####g#..##. .### #.#
#.g##.#.......#..##. #..# #.#
#.)@gg....# #..##. .#.# #.#
##g######.#####..##. ##.# #.# #.#
#........##. #.# #.# #.#
#######.###. #.# #.# #.# #.# #.
#.# #.# #.############.# #.
##.###.# #..............# #.
.....#.# #####.....###### #.
##.....############.....########.


You could see Robin and 3 goblins.

Vanquished Creatures
  3 adders (D:2)
  4 endoplasms
  3 giant cockroaches (D:1)
  4 goblins
  6 hobgoblins
  3 kobolds
  3 quokkas
  2 ball pythons (D:1)
  4 bats
  2 frilled lizards (D:2)
  3 rats (D:1)
37 creatures vanquished.

Notes
Turn   | Place    | Note
-------+----------+-------------------------------------------
     0 | D:1      | KittyFluff the Gargoyle Berserker began the quest for the
                  | Orb.
     0 | D:1      | Reached XP level 1. HP: 14/14 MP: 1/1
   266 | D:1      | Reached XP level 2. HP: 19/19 MP: 2/2
   623 | D:1      | Found a faded altar of an unknown god.
   889 | D:1      | Reached XP level 3. HP: 23/23 MP: 3/3
  1015 | D:2      | Reached ** piety under Trog
  1187 | D:2      | Reached skill level 4 in Maces & Flails
  1442 | D:2      | Reached XP level 4. HP: 23/29 MP: 4/4
  1523 | D:2      | Noticed Robin
  1539 | D:2      | HP: 2/43 [Robin/+1 whip of venom (1)]
  1540 | D:2      | Slain by Robin

Illustrated notes

Levels and vault maps discovered:
D:1:      lordsloth_arrival_two_stooges, layout_loops_corners,
          shapermc_ecumenical_altar_flowoftime
D:2:      layout_loops_ring, uniq_robin

Skill      XL: |  1  2  3 |
---------------+----------+-----
Maces & Flails | 4 |  4.2
Fighting       | |  3.7
Armour         | |  2.7
Dodging        | |  1.7
Stealth        | |  0.3

Action                     |  1- 3 |  4- 6 || total
---------------------------+-------+-------++-------
  Melee: Mace              |   115 |    13 ||   128
    Use: Potion            |       |     1 ||     1
   Stab: Sleeping          |     2 |       ||     2
 Armour: Animal skin       |    47 |     9 ||    56
  Dodge: Dodged            |    71 |    14 ||    85
